 Dungeon Crawl Stone Soup version 0.19.0-19-g8c6edcc (webtiles) character file.

199318 Kompis the Devastator (level 18, -2/118 HPs)
             Began as a Demonspawn Wanderer on Nov 15, 2016.
             Was the Champion of Vehumet.
             Slain by Kassandra's ghost (3 damage)
             ... on level 4 of the Swamp on Nov 16, 2016.
             The game lasted 02:26:19 (33067 turns).

Kompis the Devastator (Demonspawn Wanderer)        Turns: 33067, Time: 02:26:20

Health: -2/118     AC: 22    Str: 16      XL:     18   Next: 24%
Magic:  9/43       EV: 12    Int: 26      God:    Vehumet [******]
Gold:   2657       SH:  0    Dex: 11 (12) Spells: 9 memorised, 13 levels left

rFire  + + .     SeeInvis .     Y - staff of conjuration
rCold  . . .     Gourm    .     X - +2 robe {rC+ rF+}
rNeg   + . .     Faith    .     (no shield)
rPois  +         Spirit   .     H - +0 Maxwell's etheric cage {RegenMP+ *Contam rElec MP+4}
rElec  +         Reflect  .     W - +1 cloak {MR+}
rCorr  .         Harm     .     (gloves unavailable)
MR     ++...                    e - +2 pair of boots {run}
Stlth  +.........               s - amulet "Qessag" {RegenMP rC- Int+7}
                                Q - ring of poison resistance
                                P - ring of wizardry

@: sanguine armour, quick
A: claws 3, demonic guardian 2, deterioration 1, fire resistance 1, mutation
resistance 2, negative energy resistance 1, powered by death 1, 50% torment
resistance, sanguine armour 3
a: Renounce Religion


You were on level 4 of the Swamp.
You worshipped Vehumet.
Vehumet was exalted by your worship.
You were not hungry.

You visited 6 branches of the dungeon, and saw 31 of its levels.
You visited the Abyss 1 time.
You also visited: Labyrinth, Trove and Ice Cave.

You collected 5119 gold pieces.
You spent 2462 gold pieces at shops.

Inventory:

Hand Weapons
 B - the +2 demon trident "Jocumon" {drain, *Noise rC++ rN+ Stlth+}
   (You found it in a treasure trove)

   A truly terrible weapon, it drains the life of those it strikes.
   It greatly protects you from cold.
   It protects you from negative energy.
   It may make noises in combat.
   It makes you more stealthy.
 C - the +12 broad axe of Echi {chop, MR++ Str-2 Dex+8}
   (You bought it in a shop on level 1 of the Elven Halls)

   It inflicts extra damage upon your enemies.
   It affects your strength (-2).
   It affects your dexterity (+8).
   It affects your resistance to hostile enchantments.
Missiles
 b - 28 poisoned needles
Armour
 e - a +2 pair of boots of running (worn)
 p - a +0 crystal plate armour of cold resistance
 q - a +2 buckler
 H - the +0 Maxwell's etheric cage (worn) {RegenMP+ *Contam rElec MP+4}
   (You bought it in a shop on level 8 of the Dungeon)

   It insulates you from electricity.
   It affects your magic capacity (+4).
   It causes magical contamination when unequipped.
 W - a +1 cloak of magic resistance (worn)
 X - a +2 robe of resistance (worn)
Magical Staves
 x - an uncursed staff of fire
 Y - an uncursed staff of conjuration (weapon)
Jewellery
 d - an uncursed ring of fire
 f - the ring "Raesip" {rC+ Int+2 SInv Stlth-}
   (You took it off a deep elf annihilator on level 3 of the Elven Halls)

   [ring of loudness]

   It affects your intelligence (+2).
   It protects you from cold.
   It lets you see invisible.
   It makes you less stealthy.
 o - the amulet of the Four Winds {rN+ MR+++ Clar}
   (You took it off a deep elf sorcerer on level 3 of the Elven Halls)

   [amulet of nothing]

   It protects you from negative energy.
   It affects your resistance to hostile enchantments.
   It protects you against confusion.
 s - the amulet "Qessag" (around neck) {RegenMP rC- Int+7}
   (You acquired it on level 6 of the Lair of Beasts)

   [amulet of magic regeneration]

   It increases your magic regeneration.
   It affects your intelligence (+7).
   It makes you vulnerable to cold.
 I - the amulet of Upsigrou {Harm *Drain rPois}
   (You found it in a treasure trove)

   [amulet of harm]

   It increases damage dealt and taken.
   It protects you from poison.
   It causes draining when unequipped.
 J - the ring "Huohul" {+Fly rElec Int+2}
   (You found it in a treasure trove)

   [ring of flight]

   It affects your intelligence (+2).
   It insulates you from electricity.
   It lets you fly.
 P - a ring of wizardry (left claw)
 Q - a ring of poison resistance (right claw)
 V - the amulet of the Air {Inacc +Fly rElec EV+5 RMsl}
   (You found it in a labyrinth)

   [amulet of inaccuracy]

   It reduces the accuracy of all your attacks.
   It affects your evasion (+5).
   It insulates you from electricity.
   It lets you fly.
   It protects you from missiles.
Wands
 j - a wand of digging (6/24)
 v - a wand of teleportation (4/9)
 D - a wand of digging (6/24)
 M - a wand of teleportation (3/9)
Scrolls
 a - 6 scrolls of enchant weapon
 k - 3 scrolls of teleportation
 n - 14 scrolls of identify
 t - 6 scrolls of amnesia
 u - 4 scrolls of recharging
 w - 8 scrolls of remove curse
 y - 3 scrolls of fog
 G - 5 scrolls of enchant armour
 K - 2 scrolls of fear
 N - 3 scrolls of magic mapping
Potions
 c - 5 potions of haste
 g - a potion of magic
 i - 2 potions of resistance
 r - a potion of invisibility
 z - 7 potions of curing
 A - 4 potions of might
 F - 2 potions of heal wounds
 L - 4 potions of berserk rage
 O - 3 potions of brilliance
 T - 2 potions of cancellation
Miscellaneous
 U - a phantom mirror
Comestibles
 h - 8 meat rations
 l - 6 beef jerkies
 m - 2 royal jellies
 S - a slice of pizza
 Z - 6 fruits


   Skills:
 - Level 4.1 Fighting
   Level 1.7 Short Blades
 - Level 1.0 Throwing
 - Level 1.7 Dodging
 - Level 1.0 Stealth
 - Level 1.0 Shields
 - Level 17.0 Spellcasting
 + Level 19.7 Conjurations
 + Level 15.8 Fire Magic


You had 13 spell levels left.
You knew the following spells:

 Your Spells              Type           Power        Failure   Level  Hunger
a - Fire Storm            Conj/Fire      ########..   22%         9    #######
b - Iskenderun's Mystic   Conj           ########     0%          4    None
c - Mephitic Cloud        Conj/Pois/Air  ######..     1%          3    None
d - Fireball              Conj/Fire      ########..   1%          5    None
e - Iron Shot             Conj/Erth      #######...   1%          6    ###....
f - Freezing Cloud        Conj/Ice/Air   ######....   3%          6    ###....
g - Repel Missiles        Chrm/Air       ###...       1%          2    None
h - Blink                 Tloc           N/A          1%          2    None
i - Magic Dart            Conj           ####         0%          1    None


Dungeon Overview and Level Annotations

Branches:
Dungeon (15/15)            Temple (1/1) D:6            Lair (6/6) D:11
  Swamp (4/4) Lair:2       Spider (0/4) Lair:3        Slime (0/5) Lair:6
    Orc (2/2) D:11            Elf (3/3) Orc:2        Vaults (0/5) D:13
 Depths (0/5) D:15

Altars:
Ashenzari
Cheibriados
Dithmenos
Elyvilon
Fedhas
Gozag
Hepliaklqana
Kikubaaqudgha
Makhleb
Nemelex Xobeh
Okawaru
Qazlal
Ru
Sif Muna
Trog
Uskayaw
Vehumet
Xom
Yredelemnul
Zin
The Shining One
Beogh

Shops:
D:4 :   D:8 [   D:12 ?   Orc:2 [([!%   Elf:1 [(=((   Elf:2 ?   Elf:3 (

Annotations:
Lair:5 exclusion: oklob plant
Swamp:4 Kassandra's ghost, adept MiBe
Elf:2 3 runed doors, exclusion: Roxanne, Roxanne


Innate Abilities, Weirdness & Mutations

You have claws for hands.
A demonic guardian rushes to your aid.
You resist negative energy. (rN+)
You regenerate a little health from kills.
You are somewhat able to resist unholy torments (1 in 2 success).
When seriously injured, your bleeding wounds create very thick armour. (AC +12)
Your body sometimes deteriorates upon taking damage.
Your flesh is heat resistant. (rF+)
You are somewhat resistant to both further mutation and mutation removal.


Message History

Aiming: Iron Shot
Press: ? - help, Shift-Dir - straight line, f/p - Kassandra's ghost
Aim: Kassandra's ghost, wielding a weapon of flaming (severely damaged)
You feel a surge of power!
The iron shot hits Kassandra's ghost.
Kassandra's ghost is almost destroyed.
Kassandra's ghost misses you.
Your orange demon stings Kassandra's ghost but does no damage.
Your orange demon misses Kassandra's ghost.
The swamp drake breathes noxious fumes at you.
The noxious blast engulfs you!
Casting: Iron Shot
Confirm with . or Enter, or press ? or * to list all spells.
Aiming: Iron Shot
Press: ? - help, Shift-Dir - straight line, f/p - Kassandra's ghost
Aim: Kassandra's ghost, wielding a weapon of flaming (noxious fumes, almost destroyed)
You feel a surge of power!
The iron shot misses Kassandra's ghost.
Kassandra's ghost hits you!!!
* * * LOW HITPOINT WARNING * * *
Kassandra's ghost burns you.
You die...

♣..≈≈≈ ≈. ≈≈.≈≈≈
.. ♣....≈ ≈. #
♣♣≈≈..≈≈.♣ ##..
♣.≈≈..≈≈.##.k..
♣♣≈..♣§.§§...
♣≈≈.≈≈§♣§.#
♣≈≈.§@W≈##
♣♣♣§♣§§4≈♣# ♣
♣.§≈≈≈##
♣♣..≈≈≈♣#♣ ♣♣ ##.
♣..≈≈.≈≈♣♣♣≈##≈.?
♣≈.≈≈≈≈.≈♣≈≈§.≈≈♣
♣♣§.†≈≈≈≈≈≈...≈≈≈
♣♣♣≈≈≈≈†≈≈≈.≈≈≈≈
♣♣.†.≈≈≈≈≈≈≈≈≈


You could see a swamp drake, Kassandra's ghost and a friendly orange demon.

Vanquished Creatures
  Rupert (Lair:6)
  2 Ice Fiends (IceCv)
  2 deep elf master archers (Elf:3)
  2 deep elf blademasters (Elf:3)
  4 thorn hunters
  Kirke (D:15)
  Agnes (Elf:2)
  A fire giant (D:15)
  5 deep elf sorcerers (Elf:3)
  Aizul (Swamp:1)
  3 deep elf elementalists
  6 deep elf demonologists
  7 deep elf annihilators (Elf:3)
  2 deep elf death magi (Elf:3)
  3 deep elf high priests (Elf:3)
  An ettin (Orc:1)
  An ogre mage (D:15)
  A minotaur (Lab)
  An ice dragon (shapeshifter) (Elf:1)
  17 hydras
  2 ghost crabs (Swamp:2)
  2 catoblepae
  4 centaur warriors
  13 dancing weapons
  7 alligators
  An anaconda (shapeshifter) (Orc:2)
  A deep troll shaman (Lair:6)
  A tengu warrior (D:11)
  13 death yaks
  9 deep elf knights
  Sonja (Orc:2)
  A skeletal warrior (D:13)
  9 swamp dragons
  2 shambling mangroves
  A spriggan druid (Swamp:3)
  3 unseen horrors
  14 deep elf archers
  49 deep elf magi
  6 hill giants
  An oklob plant (Lair:3)
  2 wolf spider zombies
  7 orc sorcerers
  5 ugly things
  A wolf spider (D:15)
  2 cyclopes (D:13)
  3 orc knights (Orc:2)
  7 elephants
  2 ice statues (IceCv)
  A black mamba (Lair:6)
  3 gargoyles
  4 kobold demonologists
  15 spiny frogs
  4 rime drakes
  4 komodo dragons
  13 ice devils (IceCv)
  2 efreet
  A guardian mummy (D:12)
  A catoblepas skeleton (Abyss:3)
  A tengu conjurer (D:13)
  8 hornets
  5 tyrant leeches
  7 trolls
  A jumping spider (shapeshifter) (D:14)
  3 polar bears
  7 two-headed ogres
  16 blink frogs
  4 bog bodies
  13 slime creatures
  A raiju (shapeshifter) (Elf:1)
  A hornet (shapeshifter) (D:12)
  4 hippogriffs
  16 dream sheep
  6 air elementals
  Sigmund (D:3)
  2 vampires
  2 water elementals
  A tarantella (shapeshifter) (Elf:1)
  2 redbacks (Lab)
  8 spriggans
  25 yaks
  4 hogs (D:15)
  2 wyverns
  A hog (shapeshifter) (Elf:1)
  3 wraiths
  2 basilisks
  2 fire elementals
  Grum (Lair:1)
  8 hungry ghosts
  3 wargs
  A mottled dragon (D:15)
  5 vampire mosquitoes
  Edmund (D:4)
  2 soldier ants
  12 insubstantial wisps
  14 swamp worms
  8 water moccasins
  7 porcupines
  24 orc warriors
  13 swamp drakes
  3 sky beasts
  6 ice beasts
  A black bear (D:9)
  A necrophage (D:12)
  11 wolves
  16 ogres
  2 phantoms
  23 centaurs
  11 crocodiles
  6 big kobolds
  A gnoll sergeant (D:10)
  18 bullfrogs
  An earth elemental (Elf:2)
  A wyvern skeleton (D:12)
  A wyvern zombie (D:13)
  3 scorpions
  7 killer bees (D:11)
  14 wights
  3 electric eels
  4 howler monkeys
  5 crimson imps
  A jelly (D:14)
  2 quasits
  4 centaur zombies
  2 bullfrog skeletons
  2 bullfrog zombies
  19 orc priests
  An iron imp (D:5)
  Ijyb (D:2)
  Jessica (D:2)
  6 centaur skeletons
  7 iguanas
  19 orc wizards
  11 worker ants
  A hound zombie (D:7)
  A hound skeleton (D:9)
  2 worker ant zombies
  5 gnolls (D:10)
  A howler monkey skeleton (D:5)
  13 adders
  2 shadow imps
  8 white imps (IceCv)
  7 ufetubi (IceCv)
  An adder skeleton (D:9)
  6 worms
  7 leopard geckos
  100 orcs
  5 bats
  7 giant cockroaches
  10 goblins
  13 hobgoblins
  16 jackals
  2 quokkas
  2 ball pythons
  3 frilled lizards
  A jackal zombie (D:5)
  43 kobolds
  A quokka skeleton (D:8)
  5 rats
  6 fungi
  4 plants
1012 creatures vanquished.

Vanquished Creatures (collateral kills)
  A deep elf sorcerer (Elf:3)
  An orc warlord (Orc:2)
  A deep elf demonologist (Elf:3)
  A deep elf annihilator (Elf:3)
  An ettin (Orc:2)
  Harold (Lair:1)
  5 hydras
  An alligator (Swamp:2)
  An orc high priest (Orc:2)
  4 death yaks
  A flayed ghost (D:7)
  2 hill giants (D:12)
  A deep elf mage (Elf:1)
  An elephant (Lair:3)
  A rime drake (Lair:5)
  3 hornets (Swamp:1)
  Prince Ribbit (D:7)
  A dream sheep (Lair:4)
  4 blink frogs
  A redback (Lair:3)
  A spriggan (Swamp:2)
  2 hogs (D:15)
  A warg (Orc:2)
  A water moccasin (Lair:3)
  A sky beast (D:5)
  An orc warrior (Orc:2)
  A crocodile (Lair:3)
  2 bullfrogs
  3 wights
  Crazy Yiuf (D:2)
  2 orc wizards
  3 adders
  7 orcs
  A butterfly (Lair:5)
  A fungus (Lair:3)
61 creatures vanquished.

Vanquished Creatures (others)
  A human (D:15)
  An iguana (D:11)
  A white imp (IceCv)
  2 ufetubi (IceCv)
  A quokka (D:14)
  2 fungi
  A plant (Lair:6)
  7 toadstools (Lair:5)
16 creatures vanquished.

Grand Total: 1089 creatures vanquished

Notes
Turn   | Place    | Note
-------+----------+-------------------------------------------
     0 | D:1      | Kompis the Demonspawn Wanderer began the quest for the Orb.
     0 | D:1      | Kompis set off with: a +2 short sword, a potion of lignification, 11 poisoned needles, a +0 blowgun, a +0 robe, a bread ration
     0 | D:1      | Reached XP level 1. HP: 18/18 MP: 1/1
   167 | D:1      | Gained mutation: A weak demonic guardian rushes to your aid. [demonic ancestry]
   167 | D:1      | Reached XP level 2. HP: 18/24 MP: 2/2
  1428 | D:1      | Gained mutation: You regenerate a little health from kills. [demonic ancestry]
  1428 | D:1      | Reached XP level 3. HP: 22/30 MP: 3/3
  1518 | D:2      | Reached skill level 1 in Spellcasting
  1634 | D:2      | Found a faded altar of an unknown god.
  1634 | D:2      | Found a faded altar of an unknown god.
  1640 | D:2      | Found a basalt altar of Yredelemnul.
  1644 | D:2      | Found a faded altar of an unknown god.
  1646 | D:2      | Found a faded altar of an unknown god.
  1722 | D:2      | Noticed Jessica
  1764 | D:2      | Killed Jessica
  1764 | D:2      | Gained mutation: When seriously injured, your bleeding wounds create armour. (AC +12) [demonic ancestry]
  1764 | D:2      | Reached XP level 4. HP: 26/37 MP: 5/7
  1886 | D:2      | Noticed Ijyb
  1907 | D:2      | Killed Ijyb
  2005 | D:2      | Became a worshipper of The Xom-Meister
  2307 | D:2      | XOM: cloud trail
  2373 | D:2      | Found a deep blue altar of Sif Muna.
  2502 | D:2      | Found a runed door.
  2506 | D:2      | Noticed Crazy Yiuf
  2524 | D:2      | XOM: summons friendly white imp
  2532 | D:2      | HP: 1/37 [poisoned by Crazy Yiuf]
  2533 | D:2      | Killed Crazy Yiuf
  2533 | D:2      | Reached XP level 5. HP: 2/42 MP: 8/10
  2537 | D:2      | HP: 2/63 [poisoned by Crazy Yiuf]
  2544 | D:2      | HP: 1/63 [poisoned by Crazy Yiuf]
  2552 | D:2      | HP: 1/63 [poisoned by Crazy Yiuf]
  2555 | D:2      | XOM: mild Conj miscast
  2838 | D:3      | XOM: harmless Chrm miscast
  2858 | D:3      | Noticed Sigmund
  2892 | D:3      | XOM: cloud trail
  2898 | D:3      | XOM: harmless Divn miscast
  3004 | D:3      | XOM: confuse monster(s)
  3012 | D:3      | Killed Sigmund
  3012 | D:3      | Reached XP level 6. HP: 44/48 MP: 10/13
  3096 | D:3      | Reached skill level 5 in Spellcasting
  3277 | D:3      | XOM: mild Chrm miscast
  3338 | D:3      | XOM: mild Necr miscast
  3351 | D:3      | XOM: 3-stop teleportation journey
  3713 | D:4      | Found an iron altar of Okawaru.
  3744 | D:4      | Noticed Edmund
  3763 | D:4      | Killed Edmund
  3820 | D:4      | Gained mutation: You have sharp fingernails. [demonic ancestry]
  3820 | D:4      | Reached XP level 7. HP: 24/54 MP: 14/16
  3887 | D:4      | XOM: noise
  3888 | D:4      | XOM: 1-stop teleportation journey
  4126 | D:4      | XOM: harmless Necr miscast
  4317 | D:4      | Found Noxof's Book Boutique.
  4870 | D:5      | Entered Level 5 of the Dungeon
  5096 | D:5      | XOM: polymorph shadow imp -> iron imp
  5150 | D:5      | You fall through a shaft for 3 floors!
  5224 | D:7      | XOM: summons 2 hostile shadow creatures
  5488 | D:7      | XOM: chaos cloud
  5551 | D:7      | XOM: 2-stop teleportation journey
  5559 | D:7      | Noticed Prince Ribbit
  5673 | D:5      | XOM: give mutations
  5673 | D:5      | Gained mutation: You passively map a small area around you. [Xom's mischief]
  5673 | D:5      | Gained mutation: You have a beak for a mouth. [Xom's mischief]
  5673 | D:5      | Lost mutation: You have a beak for a mouth. [Xom's mischief]
  5700 | D:5      | XOM: give mutation
  5700 | D:5      | Gained mutation: Your flesh is heat resistant. (rF+) [Xom's grace]
  5746 | D:5      | Gained mutation: A demonic guardian rushes to your aid. [demonic ancestry]
  5746 | D:5      | Reached XP level 8. HP: 22/60 MP: 20/20
  5756 | D:5      | Gained mutation: You have very sharp teeth. [mutagenic meat]
  5757 | D:5      | Lost mutation: You have very sharp teeth. [mutagenic meat]
  5758 | D:5      | Gained mutation: You are frail. (-10% HP) [mutagenic meat]
  5759 | D:5      | Gained mutation: You are agile. (Dex +2) [mutagenic meat]
  6123 | D:6      | Learned a level 1 spell: Magic Dart
  6171 | D:6      | Reached skill level 1 in Conjurations
  6192 | D:6      | Reached skill level 2 in Conjurations
  6244 | D:6      | Found a staircase to the Ecumenical Temple.
  6253 | Temple   | Entered the Ecumenical Temple
  6353 | Temple   | XOM: give mutations
  6353 | Temple   | Gained mutation: You are somewhat resistant to further mutation. [Xom's grace]
  6353 | Temple   | Gained mutation: You have sharp toenails. [Xom's grace]
  6353 | Temple   | Gained mutation: You are somewhat resistant to both further mutation and mutation removal. [Xom's grace]
  6440 | D:6      | Found a shimmering altar of Xom.
  6441 | D:6      | Found a burning altar of Makhleb.
  6441 | D:6      | Found a radiant altar of Vehumet.
  6441 | D:6      | Found a bloodstained altar of Trog.
  6449 | D:6      | Fell from the grace of Xom
  6449 | D:6      | Became a worshipper of Vehumet
  6550 | D:6      | Reached skill level 3 in Conjurations
  6704 | D:6      | Reached skill level 4 in Conjurations
  6862 | D:7      | Killed Prince Ribbit
  6862 | D:7      | Reached skill level 5 in Conjurations
  7287 | D:7      | Reached skill level 6 in Conjurations
  7416 | D:7      | Gained mutation: You have very sharp fingernails. [demonic ancestry]
  7416 | D:7      | Reached XP level 9. HP: 42/58 MP: 21/21
  7447 | D:7      | Found a sparkling altar of Nemelex Xobeh.
  7448 | D:7      | Noticed a flayed ghost
  7458 | D:7      | Killed a flayed ghost
  7458 | D:7      | Reached skill level 8 in Conjurations
  7533 | D:8      | Reached * piety under Vehumet
  7533 | D:8      | Offered knowledge of Sting by Vehumet.
  7577 | D:8      | Reached skill level 9 in Conjurations
  7647 | D:8      | Found Doxzom's Antique Armour Shop.
  7654 | D:8      | Bought the +0 Maxwell's etheric cage {RegenMP+ *Contam rElec MP+4} for 309 gold pieces
  7669 | D:8      | Learned a level 4 spell: Iskenderun's Mystic Blast
  7685 | D:8      | XOM: summons 5 hostile demons
  7713 | D:8      | XOM: give mutations
  7713 | D:8      | Gained mutation: You are very frail. (-20% HP) [Xom's mischief]
  7713 | D:8      | Lost mutation: You are very frail. (-20% HP) [Xom's mischief]
  7713 | D:8      | Lost mutation: You are frail. (-10% HP) [Xom's mischief]
  8017 | D:8      | Noticed a hill giant
  8031 | D:8      | Killed a hill giant
  8031 | D:8      | Reached skill level 10 in Conjurations
  8130 | D:8      | Offered knowledge of Shock by Vehumet.
  8155 | D:8      | Reached ** piety under Vehumet
  8483 | D:9      | XOM: cloud trail
  8574 | D:9      | Gained mutation: When seriously injured, your bleeding wounds create thick armour. (AC +12) [demonic ancestry]
  8574 | D:9      | Reached XP level 10. HP: 71/71 MP: 14/22
  8664 | D:9      | Reached skill level 11 in Conjurations
  8898 | D:9      | Found a snail-covered altar of Cheibriados.
  9246 | D:10     | Entered Level 10 of the Dungeon
  9263 | D:10     | Offered knowledge of Throw Flame by Vehumet.
  9342 | D:10     | Noticed a hill giant
  9350 | D:10     | Learned a level 5 spell: Iskenderun's Battlesphere
  9359 | D:10     | Killed a hill giant
  9419 | D:10     | Killed an unseen horror
  9419 | D:10     | Reached skill level 12 in Conjurations
  9494 | D:10     | Reached *** piety under Vehumet
  9611 | D:10     | Killed an unseen horror
  9754 | D:10     | XOM: 3-stop teleportation journey
  9851 | D:10     | XOM: mild Tmut miscast
  9922 | D:10     | XOM: mild Ice miscast
  9991 | D:11     | XOM: mild Conj miscast
 10073 | D:11     | Offered knowledge of Conjure Flame by Vehumet.
 10129 | D:11     | Learned a level 2 spell: Repel Missiles
 10132 | D:11     | Learned a level 2 spell: Blink
 10136 | D:11     | Learned a level 3 spell: Mephitic Cloud
 10253 | D:11     | Found a staircase to the Lair.
 10315 | D:11     | XOM: medium Tmut miscast
 10488 | D:11     | Found a staircase to the Orcish Mines.
 10500 | D:11     | Found a roughly hewn altar of Beogh.
 10502 | D:11     | Reached XP level 11. HP: 76/77 MP: 17/24
 10515 | D:11     | Reached **** piety under Vehumet
 10587 | D:11     | Offered knowledge of Fireball by Vehumet.
 10729 | D:11     | Noticed a tengu warrior
 10885 | D:11     | Noticed a centaur warrior
 10896 | D:11     | Killed a centaur warrior
 10900 | D:11     | Killed a tengu warrior
 10900 | D:11     | Reached skill level 13 in Conjurations
 10902 | D:11     | Noticed a deep elf mage
 10907 | D:11     | Killed a deep elf mage
 10907 | D:11     | Reached skill level 10 in Spellcasting
 10971 | D:11     | XOM: medium Divn miscast
 11007 | D:12     | Found Iruibut's Magic Scroll Shoppe.
 11304 | D:12     | Found a portal to a secret trove of treasure.
 11490 | D:12     | Noticed a brown ugly thing
 11497 | D:12     | Killed a brown ugly thing
 11541 | D:12     | Noticed a hill giant
 11553 | D:12     | Killed a hill giant
 11649 | D:12     | Noticed a hill giant
 11654 | D:12     | Killed a hill giant
 11723 | D:12     | Noticed a deep elf mage
 11726 | D:12     | Killed a deep elf mage
 11862 | D:12     | XOM: mild Summ miscast
 11928 | D:12     | XOM: medium Tmut miscast
 12191 | Lair:1   | Entered Level 1 of the Lair of Beasts
 12191 | Lair:1   | Noticed Harold
 12199 | Lair:1   | Killed Harold
 12265 | Lair:1   | Found a labyrinth entrance.
 12274 | Lab      | Entered a labyrinth
 12280 | Lab      | XOM: mild Tmut miscast
 12450 | Lab      | Got a vibrating silver amulet
 12452 | Lab      | Reached skill level 14 in Conjurations
 12453 | Lab      | Identified the amulet "Diac" {Spirit rPois Str+4 Int-2} (You found it in a labyrinth)
 12769 | Lab      | XOM: mild Conj miscast
 12820 | Lab      | Found an exit through the horrors of the Abyss.
 12834 | Lab      | Noticed a minotaur
 12841 | Lab      | Killed a minotaur
 12901 | Lair:1   | Noticed a seven-headed hydra
 12904 | Lair:1   | Killed a seven-headed hydra
 12904 | Lair:1   | Reached XP level 12. HP: 77/82 MP: 27/27
 12965 | Lair:1   | Identified Mossim Souh's Compendium of Enchanting Heat
 12977 | Lair:1   | Got a warped ring mail
 12988 | Lair:1   | Identified the +3 ring mail of the Leaf {rF++ MR+ Dex-3} (You found it on level 1 of the Lair of Beasts)
 13037 | Lair:1   | XOM: mild Erth miscast
 13084 | Lair:1   | Noticed Grum
 13088 | Lair:1   | Killed Grum
 13093 | Lair:1   | Identified a +0 rod of shadows (9/9) (You found it on level 1 of the Lair of Beasts)
 13659 | Lair:2   | Found a staircase to the Swamp.
 14027 | Lair:2   | Learned a level 5 spell: Fireball
 14093 | Lair:2   | XOM: medium Pois miscast
 14239 | Lair:3   | Reached skill level 1 in Fire Magic
 14239 | Lair:3   | XOM: enchant monster (bad)
 14297 | Lair:3   | Noticed a death yak
 14300 | Lair:3   | Killed a death yak
 14322 | Lair:3   | Reached ***** piety under Vehumet
 14331 | Lair:3   | Offered knowledge of Bolt of Cold by Vehumet.
 14411 | Lair:3   | XOM: mild Divn miscast
 14478 | Lair:3   | XOM: god gift: potion of brilliance
 14543 | Lair:3   | Reached skill level 5 in Fire Magic
 14581 | Lair:3   | Found a shattered altar of Ashenzari.
 14604 | Lair:3   | Found a hole to the Spider Nest.
 14839 | Lair:3   | Noticed a death yak
 14840 | Lair:3   | Noticed a death yak
 14840 | Lair:3   | Noticed a death yak
 14840 | Lair:3   | Noticed a death yak
 14845 | Lair:3   | Killed a death yak
 14846 | Lair:3   | Killed a death yak
 14846 | Lair:3   | Killed a death yak
 14849 | Lair:3   | Killed a death yak
 14926 | Lair:3   | Noticed an eight-headed hydra
 14929 | Lair:3   | Killed an eight-headed hydra
 14974 | Lair:3   | XOM: noise
 15143 | Lair:4   | Gained mutation: When seriously injured, your bleeding wounds create very thick armour. (AC +12) [demonic ancestry]
 15143 | Lair:4   | Reached XP level 13. HP: 87/87 MP: 28/28
 15282 | Lair:4   | Reached skill level 10 in Fire Magic
 15432 | Lair:4   | Offered knowledge of Bolt of Fire by Vehumet.
 15952 | Lair:5   | Found a blossoming altar of Fedhas.
 16084 | Lair:5   | Got a jewelled scale mail
 16085 | Lair:5   | Identified the cursed +1 scale mail "Rixt" {Str+4} (You found it on level 5 of the Lair of Beasts)
 16554 | Lair:6   | Entered Level 6 of the Lair of Beasts
 16690 | Lair:6   | Reached skill level 15 in Conjurations
 16749 | Lair:6   | Gained mutation: You have claws for hands. [demonic ancestry]
 16749 | Lair:6   | Reached XP level 14. HP: 49/94 MP: 7/30
 16946 | Lair:6   | Noticed Rupert
 16960 | Lair:6   | Killed Rupert
 17009 | Lair:6   | XOM: noise
 17066 | Lair:6   | XOM: give mutations
 17066 | Lair:6   | Lost mutation: You are agile. (Dex +2) [Xom's mischief]
 17066 | Lair:6   | Lost mutation: You passively map a small area around you. [Xom's mischief]
 17066 | Lair:6   | Lost mutation: You are somewhat resistant to both further mutation and mutation removal. [Xom's mischief]
 17066 | Lair:6   | Lost mutation: You have sharp toenails. [Xom's mischief]
 17121 | Lair:6   | Identified a scroll of acquirement
 17122 | Lair:6   | Got a fine silver amulet
 17123 | Lair:6   | Identified the amulet "Qessag" {RegenMP rC- Int+7} (You acquired it on level 6 of the Lair of Beasts)
 17232 | Lair:6   | Found a staircase to the Slime Pits.
 17268 | Lair:6   | Reached skill level 16 in Conjurations
 17584 | Orc:1    | Entered Level 1 of the Orcish Mines
 17677 | Orc:1    | XOM: 3-stop teleportation journey
 18031 | Orc:2    | Entered Level 2 of the Orcish Mines
 18174 | Orc:2    | Offered knowledge of Iron Shot by Vehumet.
 18185 | Orc:2    | Learned a level 6 spell: Iron Shot
 18211 | Orc:2    | Noticed Sonja
 18213 | Orc:2    | Killed Sonja
 18228 | Orc:2    | XOM: enchant monster (bad)
 18277 | Orc:2    | XOM: torment (44/94 hp)
 18306 | Orc:2    | Found a staircase to the Elven Halls.
 18308 | Orc:2    | Found Qutt's Food Emporium.
 18417 | Orc:2    | XOM: chaos cloud
 18637 | Orc:2    | Found a roughly hewn altar of Beogh.
 18704 | Orc:2    | Found a roughly hewn altar of Beogh.
 18707 | Orc:2    | Reached ****** piety under Vehumet
 18921 | Orc:2    | Noticed an orc warlord
 18927 | Orc:2    | Offered knowledge of Poisonous Cloud by Vehumet.
 18935 | Orc:2    | Gained mutation: Your body sometimes deteriorates upon taking damage. [a neqoxec]
 18937 | Orc:2    | Gained mutation: You are somewhat resistant to both further mutation and mutation removal. [a neqoxec]
 18952 | Orc:2    | Killed an orc warlord
 18991 | Orc:2    | Found Medotuh's Antique Armour Shop.
 18992 | Orc:2    | Found a roughly hewn altar of Beogh.
 18999 | Orc:2    | Found Ogibidyo's Antique Weapon Boutique.
 19094 | Orc:2    | XOM: scenery: 1 doors close
 19094 | Orc:2    | Was forgiven by Xom
 19098 | Orc:2    | Found a roughly hewn altar of Beogh.
 19103 | Orc:2    | Found Afupp's Distillery.
 19222 | Orc:2    | Found a roughly hewn altar of Beogh.
 19324 | Orc:2    | Found Qizesar's Antique Armour Shop.
 19332 | Orc:2    | Bought a pair of runed boots for 273 gold pieces
 19533 | D:4      | Bought a manual of Crossbows for 1324 gold pieces
 19696 | D:12     | You paid a toll of a manual of Crossbows to enter a treasure trove
 19697 | Trove    | Entered a treasure trove
 19715 | Trove    | Got a shimmering platinum ring
 19716 | Trove    | Identified the ring "Huohul" {+Fly rElec Int+2} (You found it in a treasure trove)
 19732 | Trove    | Got a transparent bronze amulet
 19733 | Trove    | Identified the amulet of Upsigrou {Harm *Drain rPois} (You found it in a treasure trove)
 19739 | Trove    | Got a faintly glowing demon trident
 19740 | Trove    | Identified the +2 demon trident "Jocumon" {drain, *Noise rC++ rN+ Stlth+} (You found it in a treasure trove)
 19774 | D:12     | Learned a level 6 spell: Poisonous Cloud
 20276 | D:13     | Found a gate to the Vaults.
 20463 | D:13     | Reached XP level 15. HP: 96/100 MP: 25/32
 20471 | D:13     | Reached skill level 17 in Conjurations
 21237 | D:14     | Found a glowing golden altar of the Shining One.
 21265 | D:14     | Found a white marble altar of Elyvilon.
 21840 | D:15     | Entered Level 15 of the Dungeon
 21840 | D:15     | Found a staircase to the Depths.
 21840 | D:15     | Noticed a fire giant
 21848 | D:15     | Killed a fire giant
 21860 | D:15     | Offered knowledge of Orb of Destruction by Vehumet.
 21861 | D:15     | Noticed Kirke
 22209 | D:15     | Killed Kirke
 22783 | D:15     | Identified a +2 pair of boots of running (You found it on level 15 of the Dungeon)
 23259 | Elf:1    | Entered Level 1 of the Elven Halls
 23352 | Elf:1    | Found Sanevium's Antique Weapon Emporium.
 23364 | Elf:1    | Bought a warped broad axe for 216 gold pieces
 23364 | Elf:1    | Identified the +12 broad axe of Echi {chop, MR++ Str-2 Dex+8} (You bought it in a shop on level 1 of the Elven Halls)
 23369 | Elf:1    | Found Mone Iss's Jewellery Shoppe.
 23371 | Elf:1    | Found Qityb's Weapon Shoppe.
 23382 | Elf:1    | Bought an uncursed ring of poison resistance for 340 gold pieces
 23680 | Elf:1    | Found Jeonir's Antique Armour Shoppe.
 23695 | Elf:1    | Found Wueroext's Antique Weapon Boutique.
 23783 | Elf:1    | Found a radiant altar of Vehumet.
 24103 | Elf:1    | Offered knowledge of Freezing Cloud by Vehumet.
 24103 | Elf:1    | Reached XP level 16. HP: 71/106 MP: 12/34
 24343 | Elf:1    | Reached skill level 18 in Conjurations
 24933 | Elf:2    | Found Rusko's Magic Scroll Boutique.
 25479 | Elf:2    | Found a huge runed gate.
 25479 | Elf:2    | Found a huge runed gate.
 25481 | Elf:2    | Found a huge runed gate.
 25538 | Elf:2    | Noticed Agnes
 25588 | Elf:2    | Killed Agnes
 25618 | Elf:2    | Noticed Roxanne
 25877 | Elf:3    | Entered Level 3 of the Elven Halls
 25895 | Elf:3    | Found Fysh's Antique Weapon Shoppe.
 26473 | Elf:3    | Noticed a deep elf master archer
 26474 | Elf:3    | Noticed an Ice Fiend
 26476 | Elf:3    | Reached skill level 15 in Spellcasting
 26525 | Elf:3    | Killed a deep elf master archer
 26527 | Elf:3    | Noticed a Hell Sentinel
 26826 | Elf:3    | Noticed a deep elf blademaster
 26834 | Elf:3    | Killed a deep elf blademaster
 26861 | Elf:3    | Learned a level 6 spell: Freezing Cloud
 27135 | Elf:3    | Got a faintly glowing turquoise ring
 27139 | Elf:3    | Noticed a deep elf blademaster
 27145 | Elf:3    | Killed a deep elf blademaster
 27179 | Elf:3    | Cast into level 3 of the Abyss (a deep elf sorcerer)
 27217 | Elf:3    | Escaped the Abyss
 27289 | Elf:3    | Gained mutation: You resist negative energy. (rN+) [demonic ancestry]
 27289 | Elf:3    | Reached XP level 17. HP: 87/111 MP: 36/36
 27440 | Elf:3    | Noticed a deep elf master archer
 27451 | Elf:3    | Killed a deep elf master archer
 27661 | Elf:3    | Reached skill level 19 in Conjurations
 28061 | Elf:3    | Got a transparent pewter ring
 28114 | Elf:3    | Reached skill level 15 in Fire Magic
 28172 | Elf:3    | Identified Fugeg's Almanac of Flying Arcane Weapons
 28225 | Elf:3    | Identified the ring "Raesip" {rC+ Int+2 SInv Stlth-} (You took it off a deep elf annihilator on level 3 of the Elven Halls)
 28226 | Elf:3    | Identified the ring of the Jester {rN+ MR+ Stlth+} (You took it off a deep elf mage on level 3 of the Elven Halls)
 28509 | Swamp:1  | Entered Level 1 of the Swamp
 28924 | Swamp:1  | Offered knowledge of Spellforged Servitor by Vehumet.
 28931 | Swamp:1  | Noticed Aizul
 28960 | Swamp:1  | Killed Aizul
 29310 | Swamp:1  | Got a crystal battleaxe
 29311 | Swamp:1  | Identified the +4 battleaxe "Uvikuid" {chop, rN+} (You found it on level 1 of the Swamp)
 30718 | Swamp:3  | Found a frozen archway.
 30731 | IceCv    | Entered an ice cave
 30807 | IceCv    | Offered knowledge of Lehudib's Crystal Spear by Vehumet.
 30807 | IceCv    | Offered knowledge of Fire Storm by Vehumet.
 30807 | IceCv    | Offered knowledge of Glaciate by Vehumet.
 30818 | IceCv    | Learned a level 9 spell: Fire Storm
 31128 | IceCv    | Noticed an Ice Fiend
 31129 | IceCv    | Noticed an Ice Fiend
 31131 | IceCv    | Killed an Ice Fiend
 31132 | IceCv    | Killed an Ice Fiend
 32327 | Swamp:4  | Entered Level 4 of the Swamp
 32330 | Swamp:4  | Gained mutation: You are somewhat able to resist unholy torments (1 in 2 success). [demonic ancestry]
 32330 | Swamp:4  | Reached XP level 18. HP: 118/118 MP: 35/39
 32367 | Swamp:4  | Noticed Kassandra's ghost (adept MiBe)
 32659 | Swamp:4  | Noticed a tentacled monstrosity
 33067 | Swamp:4  | HP: 1/118 [Kassandra's ghost (36)]
 33067 | Swamp:4  | Slain by Kassandra's ghost

Skill      XL: |  1  2  3  4  5  6  7  8  9 10 11 12 13 14 15 16 17 |
---------------+----------------------------------------------------+-----
Fighting       | 4 |  4.1
Spellcasting   | 2 3 4 6 8 9 11 12 13 14 15 17 | 17.0
Conjurations   | 6 10 12 14 15 16 17 18 19 | 19.7
Fire Magic     | 8 11 12 13 14 15 | 15.8
Short Blades   | |  1.7
Throwing       | |  1.0
Dodging        | |  1.7
Stealth        | |  1.0
Shields        | |  1.0

Action                   |  1- 3 |  4- 6 |  7- 9 | 10-12 | 13-15 | 16-18 || total
-------------------------+-------+-------+-------+-------+-------+-------++-------
Melee: Short sword       |   122 |    95 |       |       |       |       ||   217
       Quarterstaff      |       |    64 |   352 |    98 |       |       ||   514
       Staff             |       |       |       |    66 |    58 |     2 ||   126
       Unarmed           |       |       |       |       |    20 |       ||    20
 Fire: Blowgun           |    10 |     9 |       |       |       |       ||    19
 Cast: Magic Dart        |       |       |    38 |    34 |    19 |       ||    91
       Iskenderun's Myst |       |       |    32 |   280 |   396 |   362 ||  1070
       Repel Missiles    |       |       |       |     2 |     4 |       ||     6
       Iskenderun's Batt |       |       |       |     1 |       |       ||     1
       Mephitic Cloud    |       |       |       |     7 |     5 |       ||    12
       Fireball          |       |       |       |    21 |   215 |   101 ||   337
       Iron Shot         |       |       |       |       |     3 |    47 ||    50
       Poisonous Cloud   |       |       |       |       |    10 |    18 ||    28
       Blink             |       |       |       |       |     2 |     4 ||     6
       Freezing Cloud    |       |       |       |       |       |    36 ||    36
       Fire Storm        |       |       |       |       |       |     1 ||     1
 Abil: Evoke Flight      |       |       |       |       |       |     1 ||     1
Evoke: Wand              |       |       |       |       |     1 |       ||     1
  Use: Scroll            |     3 |     4 |     7 |     3 |    16 |    21 ||    54
       Potion            |       |     2 |     5 |     4 |     2 |    10 ||    23
 Stab: Sleeping          |     2 |       |     2 |       |       |       ||     4
       Confused          |       |     1 |       |     2 |       |       ||     3
       Petrified         |       |     2 |     6 |       |       |       ||     8
       Petrifying        |       |     1 |       |       |       |       ||     1
       Paralysed         |       |       |     2 |       |       |       ||     2
  Eat: Chunk             |     2 |     7 |    15 |    11 |    43 |     9 ||    87
       Bread ration      |       |       |     2 |     6 |     3 |     3 ||    14
       Pizza             |       |       |     1 |     1 |       |       ||     2
       Fruit             |       |       |       |     2 |     6 |     3 ||    11
       Meat ration       |       |       |       |     1 |     1 |     3 ||     5
       Beef jerky        |       |       |       |       |       |     2 ||     2
Armor: Robe              |    25 |    21 |   160 |    75 |    67 |    60 ||   408
       Skin              |       |     1 |       |       |     5 |       ||     6
       Ring mail         |       |       |       |    21 |    33 |       ||    54
Dodge: Dodged            |    63 |    64 |   281 |   167 |   130 |    83 ||   788
       Deflected         |       |       |       |     3 |     9 |    12 ||    24
Block: Buckler           |    12 |     8 |       |       |       |       ||    20
